 Dungeon Crawl Stone Soup version 0.20.0-15-g7f486f2 (webtiles) character file.

27013 RaHiT the Transmogrifier (level 13, -6/104 HPs)
             Began as a Merfolk Transmuter on June 24, 2017.
             Was an Elder of Uskayaw.
             Mangled by an orc warrior
             ... wielding a +0 dire flail
              (13 damage)
             ... on level 2 of the Orcish Mines.
             The game lasted 01:30:43 (13151 turns).

RaHiT the Transmogrifier (Merfolk Transmuter)      Turns: 13151, Time: 01:30:43

Health: -6/104     AC:  2    Str: 15    XL:     13   Next: 29%
Magic:  25/27      EV: 30    Int: 18    God:    Uskayaw [****..]
Gold:   1407       SH:  0    Dex: 20    Spells: 14/32 levels left

rFire    . . .     SeeInvis +     - Unarmed
rCold    . . .     Gourm    .   (shield currently unavailable)
rNeg     . . .     Faith    .   (armour currently unavailable)
rPois    x         Spirit   .   (helmet currently unavailable)
rElec    .         Reflect  .   (cloak currently unavailable)
rCorr    .         Harm     .   (gloves currently unavailable)
MR       .....     Clarity  +   (boots currently unavailable)
Stlth    ++........             D - amulet of regeneration
Regen    0.7/turn               q - ring of see invisible
MPRegen  0.2/turn               t - +4 ring of strength

@: spider-form, drained
A: (change form in water), (swift swim), (stealthy swim), clarity, clever 1
a: End Transformation, Stomp, Line Pass, Renounce Religion


You were on level 2 of the Orcish Mines.
You worshipped Uskayaw.
Uskayaw was noncommittal.
You were not hungry.
You were a venomous arachnid creature.
You visited 3 branches of the dungeon, and saw 12 of its levels.

You collected 1445 gold pieces.
You spent 38 gold pieces at shops.

Inventory:

Hand Weapons
 S - the +4 mace of False Hope (melded) {flame, Str+5 Int+3}
   (You found it on level 7 of the Dungeon)

   It has been specially enchanted to burn those struck by it, causing extra
   injury to most foes and up to half again as much damage against particularly
   susceptible opponents.
   It affects your strength (+5).
   It affects your intelligence (+3).
Missiles
 A - a throwing net (quivered)
Armour
 b - a +0 robe (melded)
 l - a +3 leather armour of poison resistance
 C - a +1 leather armour of magic resistance
 N - a +1 cloak of poison resistance (melded)
 P - a +0 buckler
 T - a +0 pair of boots (melded)
Jewellery
 e - an uncursed ring of wizardry
 n - an uncursed amulet of faith {unknown}
 q - a ring of see invisible (left front leg)
 t - a +4 ring of strength (right front leg)
 z - an uncursed ring of protection from cold
 D - an amulet of regeneration (around neck)
 G - the ring "Riso" {Fire +Inv Dex+3}
   (You found it on level 7 of the Dungeon)

   [ring of fire]

   It enhances your fire magic.
   It affects your dexterity (+3).
   It protects you from fire.
   It makes you vulnerable to cold.
   It lets you turn invisible.
 U - an uncursed amulet of guardian spirit {unknown}
Wands
 p - a wand of iceblast (9/15)
 B - a wand of digging (12/24)
 J - a wand of random effects (17/48)
 O - a wand of acid (5/15)
 R - a wand of disintegration (7/24)
 V - a wand of enslavement (3/24)
Scrolls
 g - a scroll of enchant weapon
 h - 4 scrolls of amnesia
 i - a scroll of teleportation
 s - 3 scrolls of magic mapping
 u - 7 scrolls of remove curse
 y - 2 scrolls of recharging
 I - 3 scrolls of noise
 K - a scroll of immolation
 W - a scroll of torment {unknown}
Potions
 m - a potion of ambrosia
 o - 3 potions of mutation
 r - a potion of cancellation
 x - 2 potions of curing
 E - a potion of might {unknown}
 F - 2 potions of flight {unknown}
 H - a potion of degeneration {unknown}
 L - 2 potions of resistance {unknown}
 M - a potion of agility {unknown}
 Q - a potion of brilliance {unknown}
Books
 c - a book of Changes

   Spells                             Type                      Level
   a - Beastly Appendage              Transmutation                1
   b - Sticks to Snakes               Transmutation                2
   c - Spider Form                    Transmutation/Poison         3
   d - Ice Form                       Ice/Transmutation            4
   e - Blade Hands                    Transmutation                5
 Y - a book of Geomancy

   Spells                             Type                      Level
   a - Sandblast                      Earth                        1
   b - Passwall                       Transmutation/Earth          2
   c - Stone Arrow                    Conjuration/Earth            3
   d - Petrify                        Transmutation/Earth          4
   e - Lee's Rapid Deconstruction     Earth                        5
Comestibles
 a - 4 chunks of flesh
 d - 8 bread rations
 j - 13 fruits
 k - 11 royal jellies
 v - 14 meat rations


   Skills:
 - Level 10.3(10.2) Fighting
 - Level 10.0(9.8) Dodging
 - Level 4.1(4.0) Shields
 - Level 10.5(10.4) Unarmed Combat
 - Level 10.1(9.9) Spellcasting
 * Level 11.6(11.4) Transmutations
 - Level 6.0(5.9) Invocations
 - Level 5.3(5.2) Evocations


You had 14 spell levels left.
You knew the following spells:

 Your Spells              Type           Power        Failure   Level  Hunger
a - Ice Form              Ice/Tmut       ####....     21%         4    ###....
b - Sticks to Snakes      Tmut           ######..     1%          2    None
c - Spider Form           Tmut/Pois      ####......   9%          3    None
d - Blade Hands           Tmut           ######....   8%          5    #####..
e - Petrify               Tmut/Erth      ####....     21%         4    ###....


Dungeon Overview and Level Annotations

Branches:
Dungeon (9/15)             Temple (1/1) D:7             Orc (2/2) D:9
   Lair: D:8-11         Elf: Orc:2

Altars:
Ashenzari
Cheibriados
Dithmenos
Elyvilon
Fedhas
Gozag
Hepliaklqana
Kikubaaqudgha
Makhleb
Nemelex Xobeh
Okawaru
Qazlal
Ru
Sif Muna
Trog
Uskayaw
Vehumet
Xom
Yredelemnul
Zin
The Shining One
Beogh

Shops:
D:4 *=[[[   Orc:2 *


Innate Abilities, Weirdness & Mutations

((You revert to your normal form in water.))
((You are very nimble and swift while swimming.))
((You are very stealthy in the water. (Stealth+)))
You possess an exceptional clarity of mind.
Your mind is acute. (Int +2)
((Your movements are slightly less encumbered by armour. (ER -2)))


Message History

The orc wizard closely misses you. The orc closely misses you.
Uskayaw will force your foes to share their pain.
You hit the orc wizard but do no damage.
The orc wizard looks as sick as possible!
The orc wizard is severely wounded.
The orc wizard completely misses you. The orc warrior barely misses you.
The orc completely misses you.
You maul the orc!!
You kill the orc!
You kill the orc priest!
The orc wizard completely misses you.
You hit the orc wizard but do no damage.
The orc wizard looks as sick as possible!
The orc wizard is almost dead.
You kill the orc wizard!
The orc warrior hits you with a dire flail.
* * * LOW HITPOINT WARNING * * *
You hit the orc warrior.
The orc warrior is poisoned.
The orc warrior is lightly wounded.
The orc warrior hits you with a dire flail!
You die...

#...#.......((.#...
#..)#.##'###[###'##
##'##.#...##[##)..#
#....#...##)##...#
###########)###### ####
#####....))...## #...#
###.......8)8..... .....#
##.................
......##os....##...()..##.
......))))..###)...)....##
..8....)..###..)).8.8))...
........###..........))...
......####.............)..
.....# ##.)......#...#....
#...# ##..).....##8.8##...
#### ##......####.....####
##.....#####.......###


You could see an orc warrior.

Vanquished Creatures
  A stone giant (Orc:2)
  An ettin (Orc:2)
  A hydra (D:8)
  A centaur warrior (D:9)
  6 two-headed ogres
  A tengu warrior (D:9)
  4 orc high priests (Orc:2)
  3 orc knights
  An orc sorcerer (Orc:2)
  Maurice (D:8)
  A kobold demonologist (D:9)
  2 trolls
  A hornet (D:9)
  A dream sheep (D:8)
  4 hippogriffs
  16 yaks
  Grum (D:8)
  2 hungry ghosts (D:9)
  2 wargs (Orc:2)
  A water moccasin (D:7)
  A black bear (D:8)
  35 orc warriors
  3 ice beasts
  7 ogres
  2 centaurs
  3 wolves (D:8)
  2 big kobolds
  11 bullfrogs
  A wyvern skeleton (D:6)
  4 scorpions
  5 killer bees (D:8)
  3 howler monkeys (D:9)
  3 crimson imps (D:9)
  3 jellies
  A centaur zombie (D:5)
  6 hounds
  18 orc priests
  Crazy Yiuf (D:7)
  2 centaur skeletons (D:8)
  18 orc wizards
  4 iguanas
  Ijyb (D:3)
  10 worker ants
  A hound zombie (D:7)
  2 hound skeletons
  2 worker ant zombies
  3 gnolls (D:3)
  10 adders
  A howler monkey skeleton (D:7)
  4 shadow imps
  3 oozes
  An adder zombie (D:6)
  3 worms
  6 leopard geckos
  101 orcs
  4 giant cockroaches
  10 goblins
  4 hobgoblins
  9 jackals
  5 kobolds
  A quokka (D:3)
  A ball python (D:5)
  3 bats
  6 frilled lizards
  A giant cockroach zombie (D:6)
  A quokka skeleton (D:5)
  7 rats
384 creatures vanquished.

Vanquished Creatures (collateral kills)
  An orc warlord (D:9)
  A centaur warrior (D:9)
  A two-headed ogre (D:9)
  Joseph (D:9)
  A cyclops (D:9)
  A troll (D:9)
  A dream sheep (D:8)
  An orc warrior (Orc:1)
  4 ogres
  2 big kobolds (D:8)
  A killer bee (D:8)
  A jelly (D:4)
  An orc wizard (Orc:1)
  An adder zombie (D:9)
  2 orcs (Orc:1)
20 creatures vanquished.

Grand Total: 404 creatures vanquished

Notes
Turn   | Place    | Note
-------+----------+-------------------------------------------
     0 | D:1      | RaHiT the Merfolk Transmuter began the quest for the Orb.
     0 | D:1      | Reached XP level 1. HP: 15/15 MP: 3/3
    53 | D:1      | Reached skill level 3 in Transmutations
   147 | D:1      | Reached XP level 2. HP: 21/21 MP: 3/5
   154 | D:1      | Learned a level 2 spell: Sticks to Snakes
   669 | D:2      | Reached skill level 4 in Transmutations
   741 | D:2      | Reached XP level 3. HP: 9/26 MP: 3/6
   762 | D:2      | Learned a level 3 spell: Spider Form
   984 | D:2      | Reached skill level 5 in Transmutations
  1240 | D:3      | Reached XP level 4. HP: 32/32 MP: 3/7
  1600 | D:3      | Reached skill level 6 in Transmutations
  1678 | D:3      | Noticed a bullfrog
  1683 | D:3      | Killed a bullfrog
  1683 | D:3      | Reached skill level 7 in Transmutations
  1683 | D:3      | Reached XP level 5. HP: 22/37 MP: 4/8
  2184 | D:3      | Noticed Ijyb
  2192 | D:3      | Killed Ijyb
  2197 | D:3      | Gained mutation: Your mind is acute. (Int +2) [potion of mutation]
  2197 | D:3      | Gained mutation: You possess an exceptional clarity of mind. [potion of mutation]
  2197 | D:3      | Gained mutation: Your movements are slightly less encumbered by armour. (ER -2) [potion of mutation]
  2361 | D:3      | Reached XP level 6. HP: 9/43 MP: 4/10
  2665 | D:4      | Found Heqaulyp's Antique Armour Emporium.
  2693 | D:4      | Found Puorphuf's Jewellery Shoppe.
  2695 | D:4      | Found Kewamm's Armour Shop.
  2774 | D:4      | Found Dageih's Antique Armour Shoppe.
  2950 | D:4      | Reached XP level 7. HP: 16/51 MP: 8/13
  3031 | D:4      | Found Digac's Assorted Antiques.
  3083 | D:5      | Entered Level 5 of the Dungeon
  3276 | D:5      | Reached skill level 5 in Fighting
  3668 | D:5      | Reached skill level 5 in Unarmed Combat
  3668 | D:5      | Reached XP level 8. HP: 45/62 MP: 10/14
  3675 | D:5      | Learned a level 4 spell: Ice Form
  3681 | D:5      | Learned a level 5 spell: Blade Hands
  3786 | D:6      | Found a shimmering altar of Xom.
  3845 | D:6      | Noticed a yak
  3845 | D:6      | Noticed a yak
  3866 | D:6      | Killed a yak
  3869 | D:6      | Reached skill level 5 in Dodging
  4278 | D:6      | Noticed a yak
  4296 | D:6      | Killed a yak
  4309 | D:6      | Killed a yak
  4309 | D:6      | Reached XP level 9. HP: 60/68 MP: 12/15
  4547 | D:7      | Got a brightly glowing copper ring
  4559 | D:7      | Identified the ring "Riso" {Fire +Inv Dex+3} (You found it on level 7 of the Dungeon)
  4569 | D:7      | Reached skill level 10 in Dodging
  4686 | D:7      | Reached skill level 8 in Transmutations
  4744 | D:7      | Found a blossoming altar of Fedhas.
  4765 | D:7      | Reached skill level 9 in Transmutations
  4996 | D:7      | Reached skill level 10 in Transmutations
  5019 | D:7      | Found a staircase to the Ecumenical Temple.
  5030 | Temple   | Entered the Ecumenical Temple
  5233 | Temple   | Became a worshipper of Uskayaw the Reveler
  5272 | D:7      | Found a runed door.
  5276 | D:7      | Noticed Crazy Yiuf
  5297 | D:7      | Killed Crazy Yiuf
  5315 | D:7      | Got a crude mace
  5319 | D:7      | Identified the +4 mace of False Hope {flame, Str+5 Int+3} (You found it on level 7 of the Dungeon)
  5455 | D:7      | Reached * piety under Uskayaw
  5458 | D:7      | Reached skill level 1 in Invocations
  5499 | D:7      | Reached ** piety under Uskayaw
  5732 | D:8      | Found a white marble altar of Elyvilon.
  5833 | D:8      | Noticed Grum
  5856 | D:8      | Reached *** piety under Uskayaw
  5857 | D:8      | Killed Grum
  5858 | D:8      | Reached skill level 5 in Invocations
  5858 | D:8      | Reached XP level 10. HP: 39/74 MP: 13/16
  6092 | D:8      | Reached skill level 1 in Evocations
  6227 | D:8      | Noticed a two-headed hydra
  6245 | D:8      | Killed a two-headed hydra
  6245 | D:8      | Reached skill level 5 in Evocations
  6668 | D:8      | Reached skill level 5 in Spellcasting
  6766 | D:8      | Noticed Maurice
  6792 | D:8      | Killed Maurice
  7171 | D:9      | Reached **** piety under Uskayaw
  7193 | D:9      | Noticed a centaur warrior
  7194 | D:9      | Noticed a cyclops
  7196 | D:9      | Noticed a kobold demonologist
  7199 | D:9      | Noticed a two-headed ogre
  7230 | D:9      | Killed a two-headed ogre
  7283 | D:9      | Found a staircase to the Orcish Mines.
  7321 | D:9      | Reached XP level 11. HP: 61/79 MP: 20/22
  7334 | D:9      | Reached ***** piety under Uskayaw
  7418 | D:9      | Found a shattered altar of Ashenzari.
  7570 | D:9      | Noticed a sun demon
  7629 | D:9      | Killed a cyclops
  7651 | D:9      | Noticed a two-headed ogre
  7670 | D:9      | Killed a two-headed ogre
  8116 | D:9      | Killed a centaur warrior
  8116 | D:9      | Reached skill level 10 in Spellcasting
  8243 | D:9      | Noticed a centaur warrior
  8256 | D:9      | Noticed a tengu warrior
  8281 | D:9      | Killed a centaur warrior
  8328 | D:9      | Killed a tengu warrior
  8677 | D:9      | Noticed Joseph
  8719 | D:9      | Killed Joseph
  8749 | D:9      | Learned a level 4 spell: Petrify
  8866 | Orc:1    | Entered Level 1 of the Orcish Mines
  9074 | Orc:1    | Noticed an orc knight
  9074 | Orc:1    | Found a radiant altar of Vehumet.
  9075 | Orc:1    | Noticed an orc warlord
  9157 | D:9      | Killed an orc knight
  9157 | D:9      | Reached XP level 12. HP: 51/94 MP: 20/26
  9385 | D:9      | Killed an orc warlord
  9765 | Orc:1    | Reached skill level 10 in Fighting
 10053 | Orc:2    | Entered Level 2 of the Orcish Mines
 10056 | Orc:2    | Noticed a two-headed ogre
 10060 | Orc:2    | Noticed a two-headed ogre
 10203 | Orc:1    | Killed a two-headed ogre
 10279 | D:9      | Killed a two-headed ogre
 10434 | Orc:2    | Noticed a two-headed ogre
 10452 | Orc:2    | Killed a two-headed ogre
 10466 | Orc:2    | Noticed a two-headed ogre
 10479 | Orc:2    | Killed a two-headed ogre
 11173 | Orc:2    | Noticed a stone giant
 11201 | Orc:2    | Noticed an orc warlord
 11203 | Orc:2    | Killed a stone giant
 11960 | Orc:2    | Reached skill level 10 in Unarmed Combat
 12062 | Orc:2    | Noticed an ettin
 12107 | Orc:2    | Killed an ettin
 12153 | Orc:2    | Noticed a two-headed ogre
 12173 | Orc:2    | Killed a two-headed ogre
 12173 | Orc:2    | Reached XP level 13. HP: 32/104 MP: 27/27
 12840 | Orc:2    | Found a roughly hewn altar of Beogh.
 13044 | Orc:2    | Reached skill level 11 in Transmutations
 13045 | Orc:2    | Found Yzefopn's Assorted Antiques.
 13060 | Orc:2    | Bought a scroll of identify for 38 gold pieces
 13151 | Orc:2    | Mangled by an orc warrior

Skill      XL: |  1  2  3  4  5  6  7  8  9 10 11 12 13 |
---------------+----------------------------------------+-----
Transmutations | 3 4 5 7 10 11 | 11.6
Dodging        | 3 9 10 | 10.0
Spellcasting   | 3 4 7 10 | 10.1
Fighting       | 2 5 8 10 | 10.3
Unarmed Combat | 5 10 | 10.5
Invocations    | 5 6 |  6.0
Evocations     | 5 |  5.3
Shields        | 2 4 |  4.1

Action                   |  1- 3 |  4- 6 |  7- 9 | 10-12 | 13-15 || total
-------------------------+-------+-------+-------+-------+-------++-------
Melee: Unarmed           |    64 |    66 |   264 |   671 |   131 ||  1196
       Headbutt          |    10 |       |       |       |       ||    10
       Whip              |    28 |    38 |    51 |       |       ||   117
       Mace              |       |       |    19 |   130 |    15 ||   164
       Punch             |       |       |     1 |     5 |       ||     6
 Cast: Beastly Appendage |    13 |       |       |       |       ||    13
       Sticks to Snakes  |     1 |     4 |     8 |    49 |       ||    62
       Spider Form       |     3 |    14 |    30 |    52 |    10 ||   109
       Blade Hands       |       |       |       |     2 |       ||     2
       Petrify           |       |       |       |     6 |       ||     6
       Ice Form          |       |       |       |     2 |       ||     2
Invok: Line Pass         |       |       |       |     1 |       ||     1
 Abil: End Transformatio |       |       |     1 |       |       ||     1
Evoke: Wand              |       |       |       |    21 |       ||    21
  Use: Scroll            |     2 |       |     6 |     4 |     1 ||    13
       Potion            |     1 |     1 |       |     6 |       ||     8
 Stab: Sleeping          |     1 |       |     3 |     4 |       ||     8
       Paralysed         |       |       |     2 |    28 |     9 ||    39
       Distracted        |       |       |     1 |     3 |       ||     4
       Petrified         |       |       |       |    22 |       ||    22
       Invisible         |       |       |       |     2 |       ||     2
  Eat: Chunk             |     2 |     7 |    12 |    23 |     1 ||    45
       Fruit             |       |       |       |     7 |       ||     7
Armor: Robe              |     7 |     3 |     6 |    15 |       ||    31
       Skin              |       |     3 |     5 |    16 |     1 ||    25
Dodge: Dodged            |    59 |    80 |   298 |   970 |   147 ||  1554
